 Dungeon Crawl Stone Soup version 0.31-a0-819-gf6de2f5ab6 (webtiles) character file.

Game seed: 8764742634266268788

2517 qw the Skirmisher (level 9, -14/57 HPs)
             Began as a Gargoyle Hunter on Sept 23, 2023.
             Was a Believer of Okawaru.
             Killed from afar by an acid dragon (27 damage)
             ... with a splash of acid
             ... on level 8 of the Dungeon.
             The game lasted 00:02:15 (5872 turns).

qw the Skirmisher (Gargoyle Hunter)                 Turns: 5872, Time: 00:02:16

Health: -14/57     AC: 13    Str: 15    XL:     9   Next: 54%
Magic:  10/12      EV: 16    Int: 10    God:    Okawaru [**....]
Gold:   375        SH:  5    Dex: 23    Spells: 8/8 levels left

rFire   + . .        Y - +1 shortbow (chaos)
rCold   . . .        (shield currently unavailable)
rNeg    + . .        k - +0 ring mail
rPois   inf          b - +0 helmet
rElec   +            (no cloak)
rCorr   .            l - +0 pair of gloves
SInv    .            (no boots)
Will    +....        i - amulet of reflection
Stlth   +++          h - +6 ring of dexterity
HPRegen 0.29/turn    (no ring)
MPRegen 0.13/turn

%: reflection
@: about to teleport, heroic, corroded
A: sickness immunity, AC +6, negative energy resistance 1, electricity
resistance, torment resistance 1, petrification resistance, iridescent scales 1,
fire resistance 1, strong-willed 1
a: Renounce Religion, Heroism


You were on level 8 of the Dungeon.
You worshipped Okawaru.
Okawaru was pleased with you.
You visited 2 branches of the dungeon, and saw 9 of its levels.

You collected 375 gold pieces.


Innate Abilities, Weirdness & Mutations

You are immune to sickness and miasma.
Your stone body is resilient. (AC +6)
You are immune to poison.
You resist negative energy. (rN+)
You are resistant to electric shocks. (rElec)
You are resistant to unholy torment.
You are immune to petrification.
You are partially covered in iridescent scales. (AC +2)
Your flesh is heat resistant. (rF+)
You are strong-willed. (Will+)


   Skills:
 - Level 7.0(12.0) Fighting
 + Level 10.2(15.2) Ranged Weapons
 - Level 3.0(8.0) Armour
 - Level 3.0(8.0) Dodging
 - Level 1.1(6.1) Stealth
 - Level 4.1 Invocations


You had 8 spell levels left.
You didn't know any spells.
Your spell library was empty.

Inventory:

Hand Weapons
 Y - a +1 shortbow of chaos (weapon)
Armour
 b - a +0 helmet (worn)
 k - a +0 ring mail (worn)
 l - a +0 pair of gloves (worn)
Jewellery
 a - a ring of ice
 h - a +6 ring of dexterity (left hand)
 i - an amulet of reflection (around neck)
Scrolls
 e - a scroll of identify
 m - a scroll of teleportation
Potions
 d - a potion of mutation
 f - a potion of magic {unknown}
 g - a potion of attraction {unknown}
 j - 2 potions of might
 o - a potion of heal wounds {unknown}
 r - a potion of curing {unknown}

Dungeon Overview and Level Annotations

Branches:
Dungeon (8/15)             Temple (1/1) D:5
   Lair: D:8-11

Altars:
Ashenzari
Cheibriados
Dithmenos
Elyvilon
Fedhas
Gozag
Hepliaklqana
Makhleb
Okawaru
Qazlal
Ru
Sif Muna
Uskayaw
Vehumet
Xom
Yredelemnul
Zin
The Shining One


Message History

Okawaru accepts your kill.
Done exploring.
What level of the Dungeon? (default 8, ? - help)
You climb downwards.
There is a stone staircase leading up here.
An acid dragon is nearby!
You shoot an arrow.
The arrow hits the acid dragon but does no damage.
The acid dragon seems to speed up.
The acid dragon spits acid at you. The splash of acid hits you!!
The acid corrodes you!
5867 ||| INVOKING Heroism.
You gain the combat prowess of a mighty hero.
The acid dragon misses you. The acid dragon closely misses you.
You shoot an arrow. The arrow hits the acid dragon.
The acid dragon is lightly wounded.
The acid dragon bites you but does no damage.
The acid dragon claws you but does no damage.
You shoot an arrow. The arrow hits the acid dragon!
The arrow burns the acid dragon.
The acid dragon is heavily wounded.
The acid dragon bites you but does no damage.
The acid dragon claws you.
You shoot an arrow.
The arrow hits the acid dragon but does no damage.
The acid dragon is heavily wounded.
The acid dragon bites you!
The acid dragon claws you but does no damage.
You shoot an arrow.
The arrow hits the acid dragon but does no damage.
The acid dragon is heavily wounded.
The acid dragon bites you but does no damage.
The acid dragon misses you. The acid dragon bites you!
The acid dragon claws you.
5872 ||| READING 2 scrolls of teleportation.
As you read the scroll of teleportation, it crumbles to dust.
You feel strangely unstable. The acid dragon spits acid at you.
The splash of acid hits you!!
You die...

. #######....
#..@....#
#....D.......
#..!..!......
#............
#............
########.....
..... .....


You could see an acid dragon (fast, catching breath).

Vanquished Creatures
  Grinder (D:3)
  2 wyverns (D:6)
  A water moccasin (D:6)
  A sky beast (D:6)
  An ice beast (D:7)
  An orc warrior (D:6)
  2 ogres (D:5)
  3 centaurs
  A phantom (D:5)
  4 bullfrogs
  2 scorpions
  A howler monkey (D:5)
  A jelly (D:5)
  2 orc priests (D:7)
  3 sleepcaps
  A gnoll bouda (D:6)
  4 hounds
  3 iguanas
  Natasha (D:2)
  5 orc wizards
  Robin (D:2)
  4 gnolls (D:6)
  4 adders
  2 shadow imps
  A white imp (D:7)
  An ufetubus (D:4)
  2 worms
  2 dart slugs
  19 orcs
  3 ball pythons
  4 bats
  6 endoplasms
  5 giant cockroaches
  16 goblins
  7 hobgoblins
  6 jackals
  9 kobolds
  3 quokkas
  4 frilled lizards
  3 rats
142 creatures vanquished.

Notes
Turn   | Place    | Note
-------+----------+-------------------------------------------
     0 | D:1      | qw the Gargoyle Hunter began the quest for the Orb.
     0 | D:1      | Reached XP level 1. HP: 12/12 MP: 1/1
     0 | D:1      | 0 ||| qw: Version: 0.3-a-83-gcd0e7d8
     0 | D:1      | 0 ||| qw: Game counter: 1678
     0 | D:1      | 0 ||| qw: Melee chars always use a shield: true
     0 | D:1      | 0 ||| qw: God list: Okawaru
     0 | D:1      | 0 ||| qw: Allow faded altars: false
     0 | D:1      | 0 ||| qw: Do Orc after clearing Dungeon:15 true
     0 | D:1      | 0 ||| qw: Do second Lair branch before Depths: true
     0 | D:1      | 0 ||| qw: Lair rune preference: random
     0 | D:1      | 0 ||| qw: Goals: Normal
     0 | D:1      | 0 ||| PLANNING D:1-11
   131 | D:1      | Reached XP level 2. HP: 17/17 MP: 2/2
   515 | D:1      | Reached XP level 3. HP: 20/21 MP: 3/3
   685 | D:1      | 685 ||| UPGRADING to +0 ring mail.
   695 | D:1      | 695 ||| DROPPING +0 leather armour.
   696 | D:1      | 696 ||| UPGRADING to amulet of regeneration.
   701 | D:1      | 701 ||| UPGRADING to +6 ring of dexterity.
   702 | D:1      | 702 ||| READING scroll labelled WANIOSTR JAWK.
   703 | D:1      | 703 ||| READING scroll labelled EREAH POOTOIGIOSU.
   704 | D:1      | 704 ||| READING scroll labelled SONWOL VENU.
   708 | D:1      | 708 ||| DRINKING 2 fizzy green potions.
   708 | D:1      | Gained mutation: Your flesh is heat resistant. (rF+)
                  | [potion of mutation]
   708 | D:1      | Gained mutation: You are partially covered in iridescent
                  | scales. (AC +2) [potion of mutation]
   708 | D:1      | Gained mutation: You are strong-willed. (Will+) [potion of
                  | mutation]
   709 | D:1      | 709 ||| DRINKING 2 sedimented golden potions.
   726 | D:1      | 726 ||| DROPPING scroll of butterflies.
   727 | D:1      | 727 ||| DROPPING potion of lignification.
   824 | D:2      | Reached skill level 1 in Armour
   873 | D:2      | Noticed Natasha
   879 | D:2      | Killed Natasha
   880 | D:2      | Reached skill level 5 in Ranged Weapons
   880 | D:2      | Reached XP level 4. HP: 26/26 MP: 4/4
   986 | D:2      | Reached skill level 3 in Fighting
   989 | D:2      | Found a faded altar of an unknown god.
   990 | D:2      | Noticed Robin
   997 | D:2      | Killed Robin
  1130 | D:2      | 1130 ||| UPGRADING to +0 helmet.
  1135 | D:2      | 1135 ||| READING scroll labelled CAZOWN CUMMI.
  1281 | D:3      | Reached XP level 5. HP: 28/32 MP: 5/5
  1780 | D:3      | Noticed Grinder
  1797 | D:3      | Paralysed by Grinder for 2 turns
  1804 | D:3      | Killed Grinder
  1805 | D:3      | Reached skill level 7 in Ranged Weapons
  1805 | D:3      | Reached XP level 6. HP: 20/37 MP: 6/6
  2142 | D:3      | 2142 ||| READING scroll labelled FEIZIN JOKHAVIDIFU.
  2143 | D:3      | 2143 ||| READING scroll labelled LOTEOF QOSEB.
  3192 | D:4      | 3192 ||| DROPPING ring of magical power.
  3193 | D:4      | 3193 ||| READING scroll labelled OWAIZOPIKI.
  3216 | D:5      | Entered Level 5 of the Dungeon
  3240 | D:5      | Reached XP level 7. HP: 43/43 MP: 7/7
  3402 | D:5      | Reached skill level 8 in Ranged Weapons
  3482 | D:5      | Reached XP level 8. HP: 49/49 MP: 8/8
  3496 | D:5      | Reached skill level 3 in Armour
  3589 | D:5      | Found a staircase to the Ecumenical Temple.
  3590 | D:5      | 3590 ||| PLANNING TEMPLE
  3590 | D:5      | 3590 ||| UPGRADING to +0 pair of gloves.
  3595 | D:5      | 3595 ||| UPGRADING to amulet of reflection.
  3605 | D:5      | 3605 ||| DROPPING amulet of regeneration.
  3606 | D:5      | 3606 ||| DRINKING 2 dark potions.
  3615 | Temple   | Entered the Ecumenical Temple
  3616 | Temple   | 3616 ||| PLANNING OKAWARU WORSHIP
  3624 | Temple   | Became a worshipper of Warmaster Okawaru
  3625 | Temple   | 3625 ||| PLANNING D:1-11
  3751 | D:6      | 3751 ||| Stepping ~*~*~tactically~*~*~ (retreating).
  3762 | D:6      | Reached skill level 9 in Ranged Weapons
  3879 | D:6      | Reached * piety under Okawaru
  3880 | D:6      | Reached skill level 6 in Fighting
  3901 | D:6      | Noticed a wyvern
  3909 | D:6      | Killed a wyvern
  3910 | D:6      | Reached skill level 3 in Dodging
  4019 | D:6      | Noticed a wyvern
  4025 | D:6      | Killed a wyvern
  4026 | D:6      | Reached XP level 9. HP: 56/56 MP: 9/11
  4048 | D:6      | Reached skill level 3 in Invocations
  4089 | D:6      | 4089 ||| READING scroll of brand weapon.
  4089 | D:6      | 4089 ||| BRANDING +0 shortbow of draining.
  4352 | D:6      | 4352 ||| INVOKING Heroism.
  4453 | D:6      | 4453 ||| READING scroll labelled ENGUOS CU NYA.
  4720 | D:6      | 4720 ||| READING scroll labelled IRANLE SUTZU.
  4858 | D:7      | Reached ** piety under Okawaru
  4943 | D:7      | 4943 ||| INVOKING Heroism.
  5060 | D:7      | 5060 ||| INVOKING Heroism.
  5098 | D:7      | Reached skill level 10 in Ranged Weapons
  5321 | D:7      | 5321 ||| FLEEEEING.
  5322 | D:7      | 5322 ||| FLEEEEING.
  5323 | D:7      | 5323 ||| FLEEEEING.
  5326 | D:7      | 5326 ||| FLEEEEING.
  5327 | D:7      | 5327 ||| FLEEEEING.
  5624 | D:7      | Identified the +10 scale mail of Zoatifo {rN+ Str+2}
  5721 | D:7      | 5721 ||| DROPPING ring of flight.
  5722 | D:7      | 5722 ||| READING scroll labelled CANTAOVVAI.
  5723 | D:7      | 5723 ||| READING scroll labelled TIZO YNASIR.
  5724 | D:7      | 5724 ||| DRINKING 2 emerald potions.
  5829 | D:7      | 5829 ||| DROPPING potion of berserk rage.
  5858 | D:8      | 5858 ||| STAIRDANCE
  5867 | D:8      | 5867 ||| INVOKING Heroism.
  5871 | D:8      | HP: 12/57 [acid dragon (3)]
  5872 | D:8      | 5872 ||| READING 2 scrolls of teleportation.
  5872 | D:8      | Killed from afar by an acid dragon

Levels and vault maps discovered:
D:1:      co_arrival_square_in_a_square_in_a_square, layout_basic
D:2:      layout_rooms, shapermc_ecumenical_altar_venn, nrook_mini_backslash,
          chequers_decorated_corner, skrybe_limestone_x, uniq_robin,
          uniq_natasha
D:3:      layout_basic, roderic_lattice_a, corexii_shack, uniq_grinder
D:4:      layout_basic, nicolae_kite_square_tiling_tiny, grunt_decor_resistance,
          kennysheep_dice
D:5:      layout_gridville, temple_statues
D:6:      layout_basic
D:7:      layout_loops_corners
D:8:      layout_basic, nemelex_altar_shiori, lair_entry_dummy, serial_shops,
          shop, gammafunk_ghost_berserking_beasts, serial_bayou,
          serial_bayou_pond_d, serial_bayou_lagoon_a, serial_bayou_shore_b,
          serial_bayou_pond_c, grunt_ministairs_6, uniq_jeremiah
Temple:   nicolae_temple_two_arcs

Skill      XL: |  1  2  3  4  5  6  7  8  9 |
---------------+----------------------------+-----
Armour         | 1 3 |  3.0
Ranged Weapons | 5 7 8 9 10 | 10.2
Fighting       | 3 4 5 6 7 |  7.0
Dodging        | 2 3 |  3.0
Invocations    | 2 4 |  4.1
Stealth        | |  1.1

Action                     |  1- 3 |  4- 6 |  7- 9 || total
---------------------------+-------+-------+-------++-------
   Fire: Shortbow          |   108 |   167 |   267 ||   542
 Invoke: Heroism           |       |       |     4 ||     4
    Use: Scroll            |     3 |     4 |     6 ||    13
         Potion            |     2 |       |     2 ||     4
 Armour: Leather armour    |    17 |       |       ||    17
         Ring mail         |    14 |    57 |    79 ||   150
  Dodge: Dodged            |    40 |    55 |    81 ||   176
  Block: Other             |       |       |    22 ||    22
         Reflection        |       |       |     2 ||     2

Table legend:
 A = Non-vault XP
 B = Vault XP
 C = Vault XP percentage of total XP
 D = Non-vault monster count
 E = Vault monster count
 F = Vault count percentage of total count
                 A         B        C        D         E       F
            +---------+---------+-------+---------+---------+-------
      Total |    3247 |     350 |   9.7 |     126 |      15 |  10.6
            +---------+---------+-------+---------+---------+-------
        D:1 |      35 |       0 |   0.0 |      20 |       0 |   0.0
        D:2 |      43 |      71 |  62.3 |      17 |      13 |  43.3
        D:3 |      29 |     279 |  90.6 |      13 |       2 |  13.3
        D:4 |      31 |       0 |   0.0 |      13 |       0 |   0.0
        D:5 |    1049 |       0 |   0.0 |      26 |       0 |   0.0
        D:6 |    1361 |       0 |   0.0 |      21 |       0 |   0.0
        D:7 |     699 |       0 |   0.0 |      16 |       0 |   0.0
            +---------+---------+-------+---------+---------+-------
